AoeStats
← zarrgunss

Black Forest

509720399Analyzed
2v2 RM · 4d ago on Sep 27, 2026· 53m 10s· 4 players
Game mode
Random Map
Map size
Medium (4 player)
Population
200
Speed
Normal
Resources
Standard
Victory
Conquest
Starting age
Dark Age
Ending age
Imperial Age
RankedLock teamsTeams togetherTeam positionsShared explorationLock speedFull tech treeHidden civsTurbo modeCheats
Victory
Defeat
🇪🇸 Malians · Spain
822
+14
🇵🇪 Romans · Peru
811
+14
🇨🇱 Bohemians · Chile
858
-39
🇨🇱 Magyars · Chile
685
-15
Fernando II
13:29 Feudal Age
14:39 Horse Collar
15:07 Double-Bit Axe
22:30 Castle Age
25:47 Chemistry
25:16 Heavy Plow
25:33 Bow Saw
34:04 Wheelbarrow
33:16 Loom
35:09 Hand Cart
38:04 Imperial Age
37:02 Hand Cart
40:20 Wagenburg Tactics
42:46 Padded Archer Armor
42:37 Fletching
Ayapliano
4:20 Loom
14:15 Feudal Age
15:19 Town Watch
15:45 Double-Bit Axe
18:02 Horse Collar
25:06 Castle Age
24:27 Gold Mining
25:40 Pikeman
31:39 Wheelbarrow
32:31 Town Patrol
37:11 Bow Saw
39:58 Stone Mining
41:32 Fletching
42:23 Hand Cart
42:41 Elite Skirmisher
44:22 Heavy Plow
46:25 Thumb Ring
48:11 Hand Cart
zarrgunss
0:33 Loom
11:53 Feudal Age
12:23 Double-Bit Axe
19:16 Castle Age
20:43 Forging
23:17 Wheelbarrow
24:07 Bow Saw
25:01 Husbandry
25:12 Bloodlines
25:30 Fletching
27:31 Stone Mining
27:32 Gold Mining
34:31 Imperial Age
32:41 Ballistics
33:37 Hand Cart
33:38 Horse Collar
34:37 Gold Shaft Mining
34:52 Scale Barding Armor
35:24 Iron Casting
35:32 Town Watch
39:16 Town Patrol
40:19 Caravan
41:26 Squires
40:46 Man-at-Arms
40:53 Heavy Scorpion
41:49 Ballistas
42:59 Chain Barding Armor
42:17 Elite Skirmisher
43:03 Padded Archer Armor
46:35 Chemistry
45:54 Bodkin Arrow
46:14 Leather Archer Armor
45:35 Light Cavalry
48:23 Ring Archer Armor
48:29 Plate Barding Armor
ohhperry
3:04 Loom
13:11 Feudal Age
14:36 Double-Bit Axe
22:32 Castle Age
22:02 Man-at-Arms
23:27 Stone Mining
24:26 Horse Collar
25:29 Bow Saw
25:30 Caravan
26:25 Gold Mining
28:35 Wheelbarrow
29:09 Heavy Plow
31:30 Stone Shaft Mining
31:31 Gold Shaft Mining
34:02 Scale Barding Armor
33:58 Scale Mail Armor
34:08 Forging
34:14 Padded Archer Armor
34:05 Fletching
33:46 Elite Skirmisher
35:31 Tigui
37:33 Fervor
41:20 Imperial Age
41:26 Hand Cart
41:25 Husbandry
41:37 Bloodlines
40:49 Light Cavalry
41:53 Chain Barding Armor
41:49 Chain Mail Armor
42:10 Iron Casting
41:30 Bodkin Arrow
41:51 Leather Archer Armor
41:27 Heavy Camel Rider
43:25 Town Watch
44:14 Plate Mail Armor
44:20 Plate Barding Armor
43:46 Onager
45:25 Cavalier
47:03 Conscription
47:15 Siege Onager
48:55 Ring Archer Armor
49:20 Farimba
49:56 Hoardings
49:49 Town Patrol
50:46 Atonement
50:57 Redemption
51:59 Elite Gbeto
53:51 Chemistry
53:13 Ballistics
53:04 Fortified Wall
52:35 Treadmill Crane
52:50 Murder Holes
53:06 Masonry
Connection lost

Rejoining the realm…

Still unreachable

The connection could not be restored.

Session expired

The server has moved on; the page needs a fresh start.